TOP OF THE 1ST |
Nantucket Orcas batting - Pitching for Athens Assassins : RHP Ramiro Sierra
|
Pitching: RHP Ramiro Sierra
|
|
Batting: RHB Charlie Pérez
|
0-0: Called Strike 0-1: Ground out 5-3 (Groundball, 5)
|
Batting: RHB Demetrio Inrouville
|
0-0: Fly out, F7 (Flyball, 7)
|
Batting: LHB Eugene Lee
|
0-0: Ball 1-0: Ball 2-0: Foul Ball, location: 2F 2-1: SINGLE (Groundball, 4D)
|
Batting: RHB Fernando Álvarez
|
0-0: Called Strike Eugene Lee steals 2nd base 0-1: Foul Ball, location: 2F 0-2: Strikes out swinging
|
Top of the 1st over - 0 run(s), 1 hit(s), 0 error(s), 1 left on base; Nantucket 0 - Athens 0 |
BOTTOM OF THE 1ST |
Athens Assassins batting - Pitching for Nantucket Orcas : RHP José Cuellar
|
Pitching: RHP José Cuellar
|
|
Batting: RHB Maximino Abbado
|
0-0: Ball 1-0: SINGLE (Line Drive, 89S)
|
Batting: RHB Alfonso Flores
|
0-0: Ball 1-0: Fly out, F9 (Flyball, 89M)
|
Batting: RHB Iván Granados
|
0-0: Ball 1-0: Foul Ball, location: 2F 1-1: Swinging Strike 1-2: TRIPLE (Flyball, 9LS) Maximino Abbado scores
|
Batting: SHB Chris Barrett
|
0-0: Foul Ball, location: 2F 0-1: Ball 1-1: Called Strike 1-2: Foul Ball, location: 2F 1-2: Ball 2-2: Foul Ball, location: 2F 2-2: Strikes out swinging
|
Batting: RHB Júlio Castillo
|
0-0: Ball 1-0: Called Strike 1-1: Foul Ball, location: 2F 1-2: TRIPLE (Flyball, 9LM) Iván Granados scores
|
Batting: LHB Roy Woods
|
0-0: Called Strike 0-1: Ball 1-1: Ground out 4-3 (Groundball, 4)
|
Bottom of the 1st over - 2 run(s), 3 hit(s), 0 error(s), 1 left on base; Nantucket 0 - Athens 2 |
TOP OF THE 2ND |
Nantucket Orcas batting - Pitching for Athens Assassins : RHP Ramiro Sierra
|
Batting: LHB Howard White
|
0-0: Ball 1-0: Called Strike 1-1: Ball 2-1: SINGLE (Groundball, 34D)
|
Batting: LHB Alfonso Vélez
|
Pickoff Throw to First - Out! 0-0: Ball 1-0: Ball 2-0: Ground out 3-1 (Groundball, 34)
|
Batting: RHB Roberto Canó
|
0-0: Ball 1-0: Ball 2-0: Fly out, F7 (Flyball, 7)
|
Top of the 2nd over - 0 run(s), 1 hit(s), 0 error(s), 0 left on base; Nantucket 0 - Athens 2 |
BOTTOM OF THE 2ND |
Athens Assassins batting - Pitching for Nantucket Orcas : RHP José Cuellar
|
Batting: RHB Xavier Silva
|
0-0: Called Strike 0-1: Ball 1-1: Fly out, F8 (Flyball, 78M)
|
Batting: RHB Jorge García
|
0-0: Ball 1-0: Ball 2-0: Ball 3-0: Base on Balls
|
Batting: RHB Alfredo Medina
|
0-0: Foul Ball, location: 2F 0-1: Swinging Strike 0-2: Ball 1-2: Strikes out looking
|
Batting: RHB Maximino Abbado
|
0-0: SINGLE (Groundball, 6MD) Jorge García to second Runner from 2nd tries for 3rd, SAFE, no throw
|
Batting: RHB Alfonso Flores
|
0-0: Ball 1-0: Foul Ball, location: 2F 1-1: Ball 2-1: Called Strike 2-2: Foul Ball, location: 2F 2-2: Fielders Choice at 2nd, 5-4 (Groundball, 56)
|
Bottom of the 2nd over - 0 run(s), 1 hit(s), 0 error(s), 1 left on base; Nantucket 0 - Athens 2 |
TOP OF THE 3RD |
Nantucket Orcas batting - Pitching for Athens Assassins : RHP Ramiro Sierra
|
Batting: RHB Oliver Gonzéles
|
0-0: Ball 1-0: Ball 2-0: Ball 3-0: Base on Balls
|
Batting: RHB Luis Cruz
|
0-0: Ball 1-0: SINGLE (Line Drive, 8RS) Oliver Gonzéles to second
|
Batting: RHB Charlie Pérez
|
0-0: Called Strike 0-1: Ball 1-1: Ball 2-1: Called Strike 2-2: Strikes out looking
|
Batting: RHB Demetrio Inrouville
|
0-0: Called Strike 0-1: Called Strike 0-2: Strikes out looking
|
Batting: LHB Eugene Lee
|
0-0: Called Strike 0-1: Foul Ball, location: 2F 0-2: SINGLE (Line Drive, 9LS) Oliver Gonzéles to third Luis Cruz to second
|
Batting: RHB Fernando Álvarez
|
0-0: Called Strike 0-1: Hit by Pitch Oliver Gonzéles scores Luis Cruz to third Eugene Lee to second
|
Batting: LHB Howard White
|
0-0: Ball 1-0: Foul Ball, location: 2F 1-1: Fly out, F4 (Popup, 3D)
|
Top of the 3rd over - 1 run(s), 2 hit(s), 0 error(s), 3 left on base; Nantucket 1 - Athens 2 |
BOTTOM OF THE 3RD |
Athens Assassins batting - Pitching for Nantucket Orcas : RHP José Cuellar
|
Batting: RHB Iván Granados
|
0-0: Ball 1-0: Swinging Strike 1-1: Foul Ball, location: 2F 1-2: Ground out 4-3 (Groundball, 4M)
|
Batting: SHB Chris Barrett
|
0-0: Foul Ball, location: 2F 0-1: Called Strike 0-2: SINGLE (Flyball, 6MD)
|
Batting: RHB Júlio Castillo
|
0-0: Called Strike 0-1: Swinging Strike 0-2: Strikes out looking
|
Batting: LHB Roy Woods
|
0-0: Ball 1-0: Foul Ball, location: 2F 1-1: Swinging Strike 1-2: Strikes out swinging
|
Bottom of the 3rd over - 0 run(s), 1 hit(s), 0 error(s), 1 left on base; Nantucket 1 - Athens 2 |
TOP OF THE 4TH |
Nantucket Orcas batting - Pitching for Athens Assassins : RHP Ramiro Sierra
|
Batting: LHB Alfonso Vélez
|
0-0: Called Strike 0-1: Ball 1-1: Ball 2-1: Foul Ball, location: 2F 2-2: Fly out, F9 (Flyball, 9LSF)
|
Batting: RHB Roberto Canó
|
0-0: Called Strike 0-1: Swinging Strike 0-2: Strikes out swinging
|
Batting: RHB Oliver Gonzéles
|
0-0: Called Strike 0-1: Ball 1-1: Ground out 3-1 (Groundball, 34)
|
Top of the 4th over - 0 run(s), 0 hit(s), 0 error(s), 0 left on base; Nantucket 1 - Athens 2 |
BOTTOM OF THE 4TH |
Athens Assassins batting - Pitching for Nantucket Orcas : RHP José Cuellar
|
Batting: RHB Xavier Silva
|
0-0: Ground out 6-3 (Groundball, 6)
|
Batting: RHB Jorge García
|
0-0: Foul Ball, location: 2F 0-1: Ground out 5-3 (Groundball, 5S)
|
Batting: RHB Alfredo Medina
|
0-0: Ground out 5-3 (Groundball, 5)
|
Bottom of the 4th over - 0 run(s), 0 hit(s), 0 error(s), 0 left on base; Nantucket 1 - Athens 2 |
TOP OF THE 5TH |
Nantucket Orcas batting - Pitching for Athens Assassins : RHP Ramiro Sierra
|
Batting: RHB Luis Cruz
|
0-0: Ground out 6-3 (Groundball, 6)
|
Batting: RHB Charlie Pérez
|
0-0: Called Strike 0-1: Called Strike 0-2: Ball 1-2: Strikes out swinging
|
Batting: RHB Demetrio Inrouville
|
0-0: Ball 1-0: Fly out, F9 (Flyball, 89S)
|
Top of the 5th over - 0 run(s), 0 hit(s), 0 error(s), 0 left on base; Nantucket 1 - Athens 2 |
BOTTOM OF THE 5TH |
Athens Assassins batting - Pitching for Nantucket Orcas : RHP José Cuellar
|
Batting: RHB Maximino Abbado
|
0-0: Called Strike 0-1: Fly out, F7 (Flyball, 78M)
|
Batting: RHB Alfonso Flores
|
0-0: Called Strike 0-1: Ball 1-1: Swinging Strike 1-2: Strikes out swinging
|
Batting: RHB Iván Granados
|
0-0: Ball 1-0: Ball 2-0: Ball 3-0: Called Strike 3-1: Base on Balls
|
Batting: SHB Chris Barrett
|
0-0: Ball 1-0: Called Strike 1-1: Ball 2-1: Called Strike 2-2: Strikes out swinging
|
Bottom of the 5th over - 0 run(s), 0 hit(s), 0 error(s), 1 left on base; Nantucket 1 - Athens 2 |
TOP OF THE 6TH |
Nantucket Orcas batting - Pitching for Athens Assassins : RHP Ramiro Sierra
|
Batting: LHB Eugene Lee
|
0-0: Called Strike 0-1: Called Strike 0-2: Ball 1-2: SINGLE (Line Drive, 8RS)
|
Batting: RHB Fernando Álvarez
|
0-0: Called Strike 0-1: Ball 1-1: Ball 2-1: Ball 3-1: Base on Balls Eugene Lee to second
|
Batting: LHB Howard White
|
0-0: Ground out 4-3 (Groundball, 4S) Eugene Lee to third Fernando Álvarez to second
|
Batting: LHB Alfonso Vélez
|
0-0: Called Strike 0-1: Called Strike 0-2: Ball 1-2: Foul Ball, location: 2F 1-2: Ball 2-2: Foul Ball, location: 2F 2-2: Ball 3-2: Base on Balls
|
Batting: RHB Roberto Canó
|
0-0: Called Strike 0-1: Swinging Strike 0-2: Foul Ball, location: 2F 0-2: Ball 1-2: Foul Ball, location: 2F 1-2: Foul Ball, location: 2F 1-2: Grounds into double play, 1-2-3 (Groundball, 15S)
|
Top of the 6th over - 0 run(s), 1 hit(s), 0 error(s), 2 left on base; Nantucket 1 - Athens 2 |
BOTTOM OF THE 6TH |
Athens Assassins batting - Pitching for Nantucket Orcas : RHP José Cuellar
|
Batting: RHB Júlio Castillo
|
0-0: Ball 1-0: Called Strike 1-1: Foul Ball, location: 2F 1-2: Strikes out swinging
|
Batting: LHB Roy Woods
|
0-0: DOUBLE (Line Drive, 78XD)
|
Batting: RHB Xavier Silva
|
0-0: Intentional Walk
|
Pitching: LHP Alberto Gutiérrez
|
|
Batting: RHB Jorge García
|
0-0: Ball 1-0: Foul Ball, location: 2F 1-1: Foul Ball, location: 2F 1-2: Foul Ball, location: 2F 1-2: Foul Ball, location: 2F 1-2: Ball 2-2: Foul Ball, location: 2F 2-2: Strikes out swinging
|
Batting: RHB Alfredo Medina
|
0-0: Called Strike 0-1: Called Strike 0-2: Ball 1-2: Ball 2-2: Foul Ball, location: 2F 2-2: Ball 3-2: Base on Balls Roy Woods to third Xavier Silva to second
|
Batting: RHB Maximino Abbado
|
0-0: Ball 1-0: Called Strike 1-1: Fly out, F8 (Line Drive, 8LM)
|
Bottom of the 6th over - 0 run(s), 1 hit(s), 0 error(s), 3 left on base; Nantucket 1 - Athens 2 |
TOP OF THE 7TH |
Nantucket Orcas batting - Pitching for Athens Assassins : RHP Ramiro Sierra
|
Pitching: RHP António Molina
|
|
Batting: RHB Oliver Gonzéles
|
0-0: Ground out 5-3 (Groundball, 56)
|
Batting: RHB Luis Cruz
|
0-0: Ground out 5-3 (Groundball, 56S)
|
Batting: RHB Charlie Pérez
|
0-0: Swinging Strike 0-1: Ball 1-1: Called Strike 1-2: Strikes out looking
|
Top of the 7th over - 0 run(s), 0 hit(s), 0 error(s), 0 left on base; Nantucket 1 - Athens 2 |
BOTTOM OF THE 7TH |
Athens Assassins batting - Pitching for Nantucket Orcas : LHP Alberto Gutiérrez
|
Batting: RHB Alfonso Flores
|
0-0: Ball 1-0: Ground out 3-1 (Groundball, 34)
|
Batting: RHB Iván Granados
|
0-0: Ground out 5-3 (Groundball, 5)
|
Batting: SHB Chris Barrett
|
0-0: Ball 1-0: Ball 2-0: Ball 3-0: Base on Balls
|
Pinch Hitting: RHB Bill Davis
|
0-0: Called Strike 0-1: DOUBLE (Line Drive, 8LXD) Chris Barrett to third
|
Pinch Hitting: RHB John Jones
|
0-0: Ball 1-0: Ball 2-0: Ball 3-0: Base on Balls
|
Pinch Hitting: LHB José Martínez
|
0-0: Ball 1-0: Ball 2-0: Swinging Strike 2-1: Foul Ball, location: 2F 2-2: SINGLE (Groundball, 4D) Chris Barrett scores Bill Davis to third John Jones to second Runner from 3rd tries for Home, SAFE, no throw
|
Pitching: RHP Juan Moreno
|
|
Batting: RHB Jorge García
|
0-0: Called Strike 0-1: Ground out U3 (Groundball, 34)
|
Bottom of the 7th over - 2 run(s), 2 hit(s), 0 error(s), 2 left on base; Nantucket 1 - Athens 4 |
TOP OF THE 8TH |
Nantucket Orcas batting - Pitching for Athens Assassins : RHP António Molina
|
Now at 1B: José Martínez
|
|
Now at 2B: John Jones
|
|
Now in CF: Xavier Smith
|
|
Batting: RHB Demetrio Inrouville
|
0-0: Swinging Strike 0-1: Swinging Strike 0-2: Foul Ball, location: 2F 0-2: Ball 1-2: Strikes out swinging
|
Batting: LHB Eugene Lee
|
0-0: Foul Ball, location: 2F 0-1: Ball 1-1: Swinging Strike 1-2: Strikes out swinging
|
Batting: RHB Fernando Álvarez
|
0-0: Ball 1-0: Ball 2-0: Swinging Strike 2-1: SINGLE (Line Drive, 89S)
|
Pitching: LHP Mario López
|
|
Batting: LHB Howard White
|
0-0: Called Strike 0-1: Ball 1-1: Ball 2-1: Called Strike 2-2: Foul Ball, location: 2F 2-2: Ball 3-2: Foul Ball, location: 2F 3-2: Strikes out swinging
|
Top of the 8th over - 0 run(s), 1 hit(s), 0 error(s), 1 left on base; Nantucket 1 - Athens 4 |
BOTTOM OF THE 8TH |
Athens Assassins batting - Pitching for Nantucket Orcas : RHP Juan Moreno
|
Batting: RHB Alfredo Medina
|
0-0: Ball 1-0: Ball 2-0: Foul Ball, location: 2F 2-1: Foul Ball, location: 2F 2-2: Foul Ball, location: 2F 2-2: Strikes out looking
|
Batting: RHB Maximino Abbado
|
0-0: Ball 1-0: Called Strike 1-1: Called Strike 1-2: Strikes out swinging
|
Batting: RHB Alfonso Flores
|
0-0: Ball 1-0: Ball 2-0: Ground out 3-1 (Groundball, 34)
|
Bottom of the 8th over - 0 run(s), 0 hit(s), 0 error(s), 0 left on base; Nantucket 1 - Athens 4 |
TOP OF THE 9TH |
Nantucket Orcas batting - Pitching for Athens Assassins : LHP Mario López
|
Pitching: RHP James Mantle
|
|
Batting: LHB Alfonso Vélez
|
0-0: Ball 1-0: Called Strike 1-1: Fly out, F8 (Flyball, 8LM)
|
Batting: RHB Roberto Canó
|
0-0: Foul Ball, location: 2F 0-1: Called Strike 0-2: Ball 1-2: Strikes out looking
|
Batting: RHB Oliver Gonzéles
|
0-0: Ball 1-0: Swinging Strike 1-1: Foul Ball, location: 2F 1-2: Strikes out looking
|
Top of the 9th over - 0 run(s), 0 hit(s), 0 error(s), 0 left on base; Nantucket 1 - Athens 4 |
|